 Dungeon Crawl Stone Soup version 0.26-a0-466-g989023bd0d (webtiles) character file.

Game seed: 8899174926558546206

11756 vurker the Frost Mage (level 11, -10/77 HPs)
             Began as an Octopode Ice Elementalist on Aug 9, 2020.
             Was an Elder of Vehumet.
             Killed from afar by a raiju (13 damage)
             ... with a living lightning
             ... in a Gauntlet.
             The game lasted 00:27:07 (16004 turns).

vurker the Frost Mage (Octopode Ice Elementalist)  Turns: 16004, Time: 00:27:08

Health: -10/77     AC: 11    Str:  3    XL:     11   Next: 82%
Magic:  5/25       EV: 14    Int: 20    God:    Vehumet [****..]
Gold:   597        SH:  5    Dex: 17    Spells: 14/31 levels left

rFire    x . .     SeeInvis .   C - +2 dagger (venom)
rCold    + . .     Faith    .   (no shield)
rNeg     . . .     Spirit   .   q - +2 hat
rPois    +         Reflect  +   E - amulet of reflection
rElec    .         Harm     .   l - ring of resist corrosion
rCorr    +         NoTele   +   b - ring of ice
MR       .....                  i - +4 ring of protection
Stlth    +++.......             w - +4 ring of slaying
HPRegen  0.22/turn              y - ring of Ibeus {*Contam rPois AC+4 Str-5 Dex+4}
MPRegen  0.19/turn              (no ring)
                                (no ring)
                                (no ring)

@: frozen ramparts, very slightly contaminated
A: almost no armour, stealthy swim, amphibious, 8 rings, constrict 8, camouflage
1, gelatinous body 1
a: Renounce Religion


You were in a Gauntlet.
You worshipped Vehumet.
Vehumet was greatly pleased with you.
You visited 2 branches of the dungeon, and saw 12 of its levels.
You also visited: Gauntlet.

You collected 827 gold pieces.
You spent 230 gold pieces at shops.

Inventory:

Hand Weapons
 C - a +2 dagger of venom (weapon)
   (You took it off an orc on level 3 of the Dungeon)
Armour
 q - a +2 hat (worn)
   (You found it on level 2 of the Dungeon)
Jewellery
 b - a ring of ice (right tentacle)
   (You found it on level 10 of the Dungeon)
 i - a +4 ring of protection (on tentacle)
   (You found it on level 6 of the Dungeon)
 l - a ring of resist corrosion (left tentacle)
   (You found it on level 2 of the Dungeon)
 w - a +4 ring of slaying (on tentacle)
   (You found it on level 9 of the Dungeon)
 y - the ring of Ibeus (on tentacle) {*Contam rPois AC+4 Str-5 Dex+4}
   (You found it in a Gauntlet)

   [ring of protection]

   It affects your AC (+4).
   It affects your strength (-5).
   It affects your dexterity (+4).
   It protects you from poison.
   It causes magical contamination when unequipped.
 E - an amulet of reflection (around mantle)
   (You found it on level 6 of the Dungeon)
Wands
 c - a wand of disintegration (8)
   (You took it off Erolcha on level 11 of the Dungeon)
 f - a wand of enslavement (9)
   (You found it on level 6 of the Dungeon)
 t - a wand of flame (14)
   (You found it on level 4 of the Dungeon)
 u - a wand of paralysis (10)
   (You found it on level 6 of the Dungeon)
 v - a wand of digging (10)
   (You found it on level 2 of the Dungeon)
 D - a wand of polymorph (13)
   (You found it on level 6 of the Dungeon)
Scrolls
 e - 3 scrolls of enchant armour
 k - 3 scrolls of remove curse
 m - 2 scrolls of magic mapping
 o - a scroll of amnesia
 x - a scroll of fog
 A - 2 scrolls of teleportation
Potions
 a - a potion of flight {unknown}
 d - a potion of mutation
 g - a potion of invisibility
 h - 3 potions of brilliance
 j - 3 potions of lignification
 n - a potion of degeneration {unknown}
 p - a potion of resistance
 r - 4 potions of curing
 s - 2 potions of cancellation
 z - a potion of magic
 B - 3 potions of heal wounds


   Skills:
 + Level 7.9 Fighting
 - Level 2.0 Dodging
 - Level 2.6 Stealth
 * Level 10.6 Spellcasting
 - Level 3.0 Conjurations
 - Level 3.0 Summonings
 * Level 11.9 Ice Magic


You had 14 spell levels left.
You knew the following spells:

 Your Spells              Type           Power        Failure   Level
a - Freeze                Ice            ####         1%          1
b - Frozen Ramparts       Ice            ######       1%          3
c - Hailstorm             Conj/Ice       ######..     1%          4
d - Summon Ice Beast      Ice/Summ       ######..     3%          4
e - Olgreb's Toxic Radia  Pois           ##......     17%         4
p - Apportation           Tloc           ##....       7%          1

Your spell library contained the following spells:

 Spells                   Type           Power        Failure   Level
 Fireball                 Conj/Fire      ###.......   24%         5
 Sandblast                Erth           ##....       1%          1
 Summon Small Mammal      Summ           ###.         1%          1
 Ozocubu's Armour         Ice            ######..     1%          3
 Stone Arrow              Conj/Erth      ###...       3%          3
 Animate Skeleton         Necr           ##....       7%          1
 Corona                   Hex            ##.....      7%          1
 Passwall                 Tmut/Erth      ##......     10%         2
 Metabolic Englaciation   Hex/Ice        ######....   16%         5
 Confusing Touch          Hex            ##......     21%         3
 Gell's Gravitas          Tloc           ##........   21%         3
 Lee's Rapid Deconstruct  Erth           ##........   41%         5
 Yara's Violent Unravell  Hex/Tmut       ##........   41%         5
 Petrify                  Tmut/Erth      ##......     54%         4


Dungeon Overview and Level Annotations

Branches:
Dungeon (11/15)            Temple (1/1) D:5            Lair (0/6) D:9
    Orc (0/2) D:9         Gauntlet (1/1)

Altars:
Cheibriados
Dithmenos
Fedhas
Gozag
Hepliaklqana
Kikubaaqudgha
Makhleb
Okawaru
Ru
Sif Muna
Vehumet
Wu Jian
Xom
Yredelemnul
Zin

Shops:
D:5 *   D:9 }*}

Portals:
Trove: D:10 (show abyssal rune of Zot)

Annotations:
Gauntlet 9 transporters, exclusions: 2 lightning spires and orange crystal statue


Innate Abilities, Weirdness & Mutations

You cannot wear most types of armour.
You are very stealthy in the water. (Stealth+)
You are amphibious.
You can wear up to eight rings at the same time.
You can use your tentacles to constrict eight enemies at once.
Your skin changes colour to match your surroundings (Stealth+).
Your rubbery body absorbs attacks. (AC +1, EV +1)


Message History

Your ice beast dies!
The lightning spire shoots out a bolt of lightning at you!
The bolt of electricity hits your ice beast.
The bolt of electricity hits you!
* * * LOW HITPOINT WARNING * * *
The bolt of electricity hits you.
* * * LOW HITPOINT WARNING * * *
The raiju bites your ice beast. The raiju shocks your ice beast!
Your ice beast hits the raiju but does no damage.
Unknown command.
You feel a surge of power!
A cannonade of hail descends around you!
The hail pelts the raiju!! x2
Your ice beast is unaffected.
The lightning spire shoots out a bolt of lightning at you!
The bolt of electricity misses you. The bolt of electricity hits you.
* * * LOW HITPOINT WARNING * * *
The bolt of electricity hits the raiju.
The raiju completely resists.
The raiju bites your ice beast but does no damage.
Your ice beast barely misses the raiju.
Unknown command.
You feel much better.
The raiju pauses to sniff the ground.
The raiju bursts into living lightning!
The living lightning hits your ice beast!
The living lightning hits your ice beast!!
Your ice beast dies!
The living lightning misses the raiju.
The raiju blinks! x2
The raiju bursts into living lightning!
The living lightning misses the raiju.
The living lightning hits you!!
* * * LOW HITPOINT WARNING * * *
The living lightning hits you!
* * * LOW HITPOINT WARNING * * *
The raiju blinks!
Unknown command.
Unknown command.
Your ice beast hits the lightning spire.
Your ice beast freezes the lightning spire.
The lightning spire resists.
You feel a surge of power!
The walls around you are covered in ice.
Your ice beast hits the lightning spire.
Your ice beast freezes the lightning spire.
The lightning spire resists.
The wall freezes the raiju!
The raiju closely misses you.
The lightning spire resists.
The wall freezes the lightning spire.
The wall freezes the raiju.
The raiju bursts into living lightning!
The living lightning hits the raiju.
The raiju completely resists.
The living lightning hits you!
You die...

########## #..8.8.8..# ##########
≈#§#≈#≈#≈####.......####§#§#§#≈#≈
..........#§#########≈#..........
...8........§................8...
..........8.....8.....8..........
#########...............#########
..[©$"..#...#########...#...[©!=.
#.#8#.#.#...#.==©?Y8#...#.##...##
.#.#.#..#...#.##@...#...#.#.###.#
#.#.#.#.#...#.#h##..#...#..##.##.
.#.©.#..#.8.#.#h©#..#.8.#....©...
#.#.#.#.#...#.##..#.#...#..##.##.
.#.#.#..#...#..####.#...#.#.###.#
#.#.#.#.#...#8......#...#.##...##
........#...#########...#.......3
#########.....#.©.#.....#########
.#.©.#........#...#........#.©.#.


You could see 2 raiju, a lightning spire and a friendly ice beast (summoned).

Vanquished Creatures
  Erolcha (D:11)
  A hydra (D:11)
  Erica (D:10)
  2 wizards (Gauntlet)
  An unseen horror (D:10)
  3 hippogriffs
  Sigmund (D:2)
  3 wraiths (D:10)
  Menkaure (D:6)
  7 orc warriors
  2 porcupines (D:9)
  An ice beast (D:9)
  2 black bears
  3 sky beasts
  3 ogres
  A phantom (D:8)
  4 centaurs
  3 big kobolds
  A crocodile (D:11)
  6 bullfrogs
  A water moccasin zombie (D:7)
  4 scorpions
  A wyvern skeleton (D:10)
  12 killer bees
  8 wights
  2 howler monkeys (D:7)
  2 quasits
  3 hounds
  4 jellies
  Crazy Yiuf (D:2)
  11 orc priests
  An iron imp (D:8)
  9 orc wizards
  An iguana (D:8)
  A bullfrog skeleton (D:10)
  2 centaur skeletons
  6 worker ants
  A human simulacrum (D:9)
  A hound skeleton (D:4)
  2 howler monkey skeletons (D:6)
  3 gnolls (D:4)
  5 adders
  4 shadow imps (Gauntlet)
  5 white imps
  An ufetubus (D:8)
  2 oozes
  3 adder skeletons
  A dart slug (D:2)
  8 leopard geckos
  71 orcs
  13 bats
  6 giant cockroaches
  7 hobgoblins
  11 jackals
  2 quokkas
  3 ball pythons
  3 frilled lizards (D:1)
  9 goblins
  17 kobolds
  6 rats
  3 fungi (D:9)
303 creatures vanquished.

Vanquished Creatures (collateral kills)
  Josephine (D:10)
  A two-headed ogre (D:8)
  An ice beast (D:10)
  4 phantoms
  An eye of draining (D:8)
  An ogre (D:7)
  2 wights (D:6)
  A bullfrog skeleton (D:8)
  A worker ant zombie (D:10)
  An adder (D:7)
14 creatures vanquished.

Vanquished Creatures (others)
  An eye of draining (D:9)
  A jelly (D:9)
  A bullfrog zombie (D:9)
  An orc wizard (D:9)
  A human simulacrum (D:9)
  2 orcs (D:9)
  8 fungi (D:9)
15 creatures vanquished.

Grand Total: 332 creatures vanquished

Notes
Turn   | Place    | Note
-------+----------+-------------------------------------------
     0 | D:1      | vurker the Octopode Ice Elementalist began the quest for
                  | the Orb.
     0 | D:1      | Reached XP level 1. HP: 11/11 MP: 3/3
   589 | D:1      | Reached XP level 2. HP: 18/18 MP: 5/5
   874 | D:1      | Reached XP level 3. HP: 20/22 MP: 3/6
   879 | D:1      | Learned a level 3 spell: Frozen Ramparts
   941 | D:1      | Reached skill level 1 in Fighting
  1638 | D:2      | Reached XP level 4. HP: 22/28 MP: 3/8
  1791 | D:2      | Learned a level 4 spell: Hailstorm
  1893 | D:2      | Noticed Sigmund
  2152 | D:2      | Killed Sigmund
  2152 | D:2      | Reached skill level 1 in Conjurations
  2152 | D:2      | Reached skill level 5 in Ice Magic
  2152 | D:2      | Reached XP level 5. HP: 14/34 MP: 3/10
  2152 | D:2      | Reached XP level 6. HP: 16/39 MP: 3/11
  2218 | D:2      | Learned a level 4 spell: Summon Ice Beast
  2945 | D:2      | Found a runed translucent door.
  2946 | D:2      | Noticed Crazy Yiuf
  3131 | D:2      | Killed Crazy Yiuf
  3320 | D:3      | Reached skill level 1 in Summonings
  4279 | D:4      | Noticed a phantom
  4387 | D:4      | Noticed a phantom
  4479 | D:4      | Reached XP level 7. HP: 37/45 MP: 8/12
  5000 | D:5      | Entered Level 5 of the Dungeon
  5024 | D:5      | Found Gaunk's General Store.
  5032 | D:5      | Bought a scroll of blinking for 82 gold pieces
  5032 | D:5      | Bought a potion of magic for 88 gold pieces
  5127 | D:5      | Found a staircase to the Ecumenical Temple.
  5230 | Temple   | Entered the Ecumenical Temple
  5352 | Temple   | Became a worshipper of Vehumet
  6022 | D:5      | Reached skill level 6 in Ice Magic
  6164 | D:5      | Reached XP level 8. HP: 52/52 MP: 15/15
  6368 | D:4      | Reached skill level 5 in Spellcasting
  6912 | D:6      | Noticed Menkaure
  6924 | D:6      | Killed Menkaure
  7067 | D:6      | Reached skill level 7 in Ice Magic
  7262 | D:6      | Reached * piety under Vehumet
  7262 | D:6      | Offered knowledge of Sandblast by Vehumet.
  7743 | D:6      | Reached XP level 9. HP: 55/58 MP: 1/18
  8683 | D:7      | Reached skill level 8 in Ice Magic
  8829 | D:7      | Offered knowledge of Foxfire by Vehumet.
  9239 | D:8      | Reached ** piety under Vehumet
  9390 | D:8      | Noticed a two-headed ogre
  9400 | D:8      | Killed a two-headed ogre
  9400 | D:8      | Reached skill level 5 in Fighting
  9438 | D:8      | Reached skill level 9 in Ice Magic
  9711 | D:8      | Reached XP level 10. HP: 22/66 MP: 11/21
 10381 | D:8      | Found a snail-covered altar of Cheibriados.
 10515 | D:8      | Offered knowledge of Inner Flame by Vehumet.
 11258 | D:9      | Found Yhonynel's Gadget Emporium.
 11382 | D:9      | Reached *** piety under Vehumet
 11397 | D:8      | Reached skill level 10 in Ice Magic
 11969 | D:9      | Offered knowledge of Olgreb's Toxic Radiance by Vehumet.
 12257 | D:9      | Learned a level 4 spell: Olgreb's Toxic Radiance
 12385 | D:9      | Found a staircase to the Lair.
 12734 | D:9      | Found Riqo's General Store.
 12777 | D:9      | Bought a potion of heal wounds for 60 gold pieces
 12812 | D:9      | Found a staircase to the Orcish Mines.
 12964 | D:9      | Found Cyelacra's Gadget Shoppe.
 13417 | D:10     | Entered Level 10 of the Dungeon
 13423 | D:10     | Reached **** piety under Vehumet
 13607 | D:10     | Found a portal to a secret trove of treasure.
 13875 | D:10     | Killed an unseen horror
 13875 | D:10     | Reached XP level 11. HP: 35/75 MP: 18/24
 14584 | D:10     | Noticed Erica
 14592 | D:10     | Killed Erica
 14592 | D:10     | Reached skill level 11 in Ice Magic
 14892 | D:10     | Noticed Josephine
 14898 | D:10     | Killed Josephine
 14907 | D:10     | Reached skill level 10 in Spellcasting
 15337 | D:9      | Learned a level 1 spell: Apportation
 15525 | D:11     | Noticed an eight-headed hydra
 15527 | D:11     | Noticed Erolcha
 15541 | D:11     | Killed Erolcha
 15560 | D:11     | Killed an eight-headed hydra
 15670 | D:11     | Found a gate leading to a gauntlet.
 15675 | Gauntlet | Entered a Gauntlet
 15675 | Gauntlet | Found a transporter.
 15679 | Gauntlet | Found a transporter.
 15680 | Gauntlet | Noticed a wizard
 15684 | Gauntlet | Noticed a wizard
 15690 | Gauntlet | Found a transporter.
 15691 | Gauntlet | Found a transporter.
 15697 | Gauntlet | Found a transporter.
 15697 | Gauntlet | Found a transporter.
 15699 | Gauntlet | Found a transporter.
 15700 | Gauntlet | Found a transporter.
 15700 | Gauntlet | Noticed a wretched star
 15720 | Gauntlet | Found a transporter.
 15720 | Gauntlet | Noticed an orange crystal statue
 15740 | Gauntlet | Found a transporter.
 15744 | Gauntlet | Found a transporter.
 15755 | Gauntlet | Found a transporter.
 15873 | Gauntlet | Offered knowledge of Fireball by Vehumet.
 15874 | Gauntlet | Killed a wizard
 15876 | Gauntlet | Killed a wizard
 15976 | Gauntlet | Got a translucent iron ring
 15977 | Gauntlet | Identified the ring of Ibeus {*Contam rPois AC+4 Str-5
                  | Dex+4} (You found it in a Gauntlet)
 16002 | Gauntlet | HP: 3/77 [raiju/living lightning (16)]
 16004 | Gauntlet | Killed from afar by a raiju

Illustrated notes

Levels and vault maps discovered:
D:1:      minmay_arrival_semitransparent, layout_basic
D:2:      layout_loops_cross, serial_park_tiny_2, kennysheep_generic_room_9,
          uniq_crazy_yiuf_cottage, uniq_sigmund
D:3:      minmay_general_purpose_star, layout_loops_ring
D:4:      layout_rooms, enter_ossuary_5
D:5:      layout_basic, minmay_temple_entry_gardened_gates, serial_shops, shop,
          kennysheep_cross_bottleneck
D:6:      layout_loops_ring, minmay_pentangle, uniq_menkaure
D:7:      layout_cave_pools, minmay_misc_feat_alley
D:8:      layout_basic, slow_altar_1
D:9:      layout_irregular_city, grunt_lair_entry_orc_guard_hut,
          hiddenorc2_lemuel, serial_shops, kennysheep_little_box,
          nicolae_shop_trees, shop, enter_bailey_1, minmay_misc_feat_rows,
          bh_circular_ruins
D:10:     layout_irregular_city, nicolae_trove_entry_crossroad,
          kennysheep_generic_room_3, uniq_josephine, uniq_erica
D:11:     layout_rooms, gauntlet_entry_generic, uniq_erolcha
Temple:   roderic_octagonal_lattice_temple
Gauntlet: minmay_gauntlet_mixed_oops_all_seconds
          [minmay_gauntlet_arena_77_p_blocks, gammafunk_gauntlet_arena_open,
          minmay_gauntlet_arena_77_tiled_triplets,
          gammafunk_gauntlet_arena_corners,
          minmay_gauntlet_arena_77_hold_the_fort, gammafunk_gauntlet_arena_grid,
          gauntlet_exit_spiral]

Skill      XL: |  1  2  3  4  5  6  7  8  9 10 11 |
---------------+----------------------------------+-----
Fighting       | 1 2 3 4 5 7 |  7.9
Spellcasting   | 3 4 6 7 9 10 | 10.6
Conjurations   | 1 2 3 |  3.0
Ice Magic      | 5 6 7 9 10 11 | 11.9
Summonings     | 1 3 |  3.0
Dodging        | |  2.0
Stealth        | |  2.6

Action                   |  1- 3 |  4- 6 |  7- 9 | 10-12 || total
-------------------------+-------+-------+-------+-------++-------
Melee: Dagger            |    39 |    53 |   128 |    93 ||   313
       Unarmed           |     6 |       |       |       ||     6
       Constrict         |    11 |    15 |    22 |    16 ||    64
       Tentacles         |     3 |     7 |    22 |    24 ||    56
 Cast: Freeze            |    22 |     7 |    24 |    48 ||   101
       Frozen Ramparts   |     3 |    18 |    30 |    28 ||    79
       Summon Ice Beast  |       |       |    20 |    24 ||    44
       Hailstorm         |       |       |    21 |    89 ||   110
       Apportation       |       |       |       |     2 ||     2
Evoke: Wand              |       |       |     3 |       ||     3
  Use: Scroll            |       |       |    17 |     7 ||    24
       Potion            |       |       |       |     1 ||     1
 Stab: Sleeping          |     9 |    11 |     3 |     2 ||    25
       Distracted        |       |       |     1 |     1 ||     2
Armor: Skin              |     6 |     4 |    30 |    52 ||    92
Dodge: Dodged            |    48 |    29 |    88 |    65 ||   230
Block: Other             |       |       |    11 |    48 ||    59
       Reflection        |       |       |     5 |     5 ||    10

Table legend: (Time is in decaauts)
 A = Elapsed time spent in this place.
 B = Non-inter-level travel time spent in this place.
 C = Inter-level travel time spent in this place.
 D = Time resting spent in this place.
 E = Time spent auto-exploring this place.
 F = Levels seen in this place.
 G = Mean time per level.
                   A        B        C        D        E       F      G
               +--------+--------+--------+--------+--------+-----+--------+
         Total |  16021 |  15504 |    517 |   1109 |  11917 |  13 | 1232.4 |
       Dungeon |  15554 |  15053 |    501 |   1109 |  11520 |  11 | 1414.0 |
        Temple |    138 |    123 |     15 |      0 |    118 |   1 |  138.0 |
      Gauntlet |    328 |    328 |      0 |      0 |    279 |   1 |  328.0 |
               +--------+--------+--------+--------+--------+-----+--------+

Top non-repeatable levels by time:
     D:8: 2313 daAuts
     D:2: 2218 daAuts
     D:9: 1975 daAuts
    D:10: 1908 daAuts
     D:6: 1624 daAuts
     D:3: 1345 daAuts
     D:5: 1156 daAuts
     D:1: 1046 daAuts
     D:4: 1033 daAuts
     D:7: 647 daAuts
Gauntlet: 328 daAuts
    D:11: 284 daAuts
  Temple: 138 daAuts
